 Dungeon Crawl Stone Soup version 0.15-a0-809-g8e1b895 (webtiles) character file.

650 Herrn the Cudgeler (level 7, -5/41 HPs)
             Began as a Gargoyle Wanderer on May 14, 2014.
             Was an Initiate of Cheibriados.
             Killed by divine providence
             ... invoked by an orc priest
              (9 damage)
             ... on Level 4 of the Dungeon.
             The game lasted 00:19:41 (4250 turns).

Herrn the Cudgeler (Gargoyle Wanderer)              Turns: 4250, Time: 00:19:42

HP  -5/41        AC  8     Str 16      XL: 7   Next: 53%
MP  12/12        EV 12     Int 16      God: Cheibriados [......]
Gold 106         SH 10     Dex 15      Spells:  0 memorised, 10 levels left

rFire  . . .     SeeInvis .     a - +2 mace
rCold  + . .     Clarity  .     v - +0 leather armour {rC+}
rNeg   + . .     Conserve .     i - +0 buckler
rPois  +         rCorr    .     z - +0 helmet
rElec  +         rRot     +     (no cloak)
SustAb . .       Spirit   .     (no gloves)
rMut   +         Warding  .     (no boots)
Gourm  .         Stasis   .     n - amulet of resist mutation
MR     .....                    o - +5 ring of intelligence
                                e - ring of wizardry

@: very slow, not resistant to hostile enchantments, unstealthy
A: life protection 1, electricity resistance, unbreathing, petrification
resistance, AC +4
a: Bend Time, Renounce Religion


You were on level 4 of the Dungeon.
You worshipped Cheibriados.
Cheibriados was noncommittal.
You were very hungry.

You visited 2 branches of the dungeon, and saw 5 of its levels.

You collected 106 gold pieces.

Inventory:

Hand weapons
 a - a +2,+2 mace (weapon)
 c - a +0,+0 flail
 u - a +0,+2 war axe of freezing
Armour
 i - a +0 buckler (worn)
 p - a +1 hat
 v - a +0 leather armour of cold resistance (worn)
 x - a +0 robe
 z - a +0 helmet (worn)
Magical devices
 t - a wand of polymorph (8)
Comestibles
 d - 4 bread rations
 q - a meat ration
 D - a sausage
Scrolls
 f - a scroll of enchant weapon I {unknown}
 g - 3 scrolls of blinking
 j - 4 scrolls of fear
 k - a scroll of magic mapping {unknown}
 l - a scroll of random uselessness {unknown}
 r - 4 scrolls of identify {unknown}
 s - a scroll of enchant weapon II {unknown}
 w - a scroll of immolation {unknown}
 y - a scroll of fog {unknown}
 B - a scroll of remove curse {unknown}
Jewellery
 b - an uncursed amulet of rage
 e - a ring of wizardry (left hand)
 n - an amulet of resist mutation (around neck)
 o - a +5 ring of intelligence (right hand)
 A - an uncursed ring of see invisible {unknown}
Potions
 h - a potion of curing
 m - a potion of heal wounds {unknown}
 C - a potion of magic {unknown}


   Skills:
 * Level 3.6 Fighting
 + Level 5.7 Maces & Flails
 * Level 3.8 Dodging
 - Level 1.1 Stealth
 * Level 3.5 Shields
 - Level 2.0 Spellcasting
   Level 1.0 Fire Magic
 * Level 2.0 Evocations


You had 10 spell levels left.
You didn't know any spells.

Dungeon Overview and Level Annotations

Branches:
Dungeon (4/15)             Temple (1/1) D:4

Altars:
Ashenzari
Cheibriados
Dithmenos
Elyvilon
Fedhas
Gozag
Kikubaaqudgha
Makhleb
Nemelex Xobeh
Okawaru
Qazlal
Sif Muna
Trog
Vehumet
Xom
Yredelemnul
Zin
The Shining One


Innate Abilities, Weirdness & Mutations

You are resistant to torment.
You are immune to poison.
You are immune to rotting.
Your stone body is very resilient (AC +4).
You resist negative energy.
You are resistant to electric shocks.
You can survive without breathing.
You are immune to petrification.


Message History

The orc priest's eyes start to glow.
You block the orc priest's attack.
Things that are here:
a short sword; 19 gold pieces; an orc corpse You closely miss the orc priest.
The orc priest hits you with a club.
You closely miss the orc priest.
The orc priest mumbles some strange prayers to Beogh against you.
Something smites you!
* * * LOW HITPOINT WARNING * * *
The orc priest barely misses you.
You feel better.
You closely miss the orc priest. You block the orc priest's attack.
You sock the orc priest!
The orc priest is heavily wounded.
The orc priest invokes the aid of Beogh against you.
Something smites you!
* * * LOW HITPOINT WARNING * * *
The orc priest mumbles some strange prayers to Beogh against you.
Something smites you!
You die...

#.######.# #.#
#........# #.#
##################.#
#.........#
#.#######.# #### #.#
.... #####.##########
#..###)..............
#.oo@..##...#########
#..#####.....# ....
##...## ##.# ....## #
#######.# ..# #.# #.#
##+## #.# ##...## ##
# #.###.....## #.


You could see an orc priest and an orc.

Vanquished Creatures
  The ghost of TZer0alt the Covert, an experienced OpEE of Dithmenos (D:4)
  An ogre (D:4)
  2 orc priests (D:4)
  A hound (D:4)
  A worker ant (D:4)
  2 orc wizards (D:3)
  Jessica (D:3)
  5 adders
  A worm (D:4)
  An orc skeleton (D:3)
  2 oozes
  14 orcs
  9 bats
  3 giant cockroaches
  7 goblins
  11 hobgoblins
  5 jackals (D:4)
  3 giant newts
  A goblin skeleton (D:4)
  7 kobolds
  2 quokkas
  15 rats
95 creatures vanquished.

Notes
Turn   | Place    | Note
--------------------------------------------------------------
     0 | D:1      | Herrn, the Gargoyle Wanderer, began the quest for the Orb.
     0 | D:1      | Reached XP level 1. HP: 12/12 MP: 3/3
   265 | D:1      | Reached XP level 2. HP: 16/16 MP: 4/4
   698 | D:1      | Reached skill level 5 in Maces & Flails
   709 | D:1      | Reached XP level 3. HP: 16/20 MP: 6/6
  1752 | D:3      | Reached skill level 1 in Dodging
  1965 | D:3      | Reached XP level 4. HP: 22/26 MP: 7/7
  2335 | D:3      | Noticed Jessica
  2342 | D:3      | Killed Jessica
  2342 | D:3      | Reached XP level 5. HP: 24/30 MP: 9/9
  2354 | D:3      | Found a blossoming altar of Fedhas.
  2388 | D:3      | Reached skill level 1 in Evocations
  3529 | D:4      | Reached XP level 6. HP: 36/36 MP: 10/10
  3560 | D:4      | Noticed TZer0alt's ghost (experienced OpEE)
  3568 | D:4      | Killed TZer0alt's ghost
  3568 | D:4      | Reached XP level 7. HP: 41/41 MP: 12/12
  3770 | D:4      | Noticed an ogre
  3777 | D:4      | Killed an ogre
  3884 | D:4      | Found a staircase to the Ecumenical Temple.
  3912 | Temple   | Entered the Ecumenical Temple
  4069 | Temple   | Became a worshipper of Cheibriados the Contemplative
  4250 | D:4      | Killed from afar by an orc priest

Action                   |  1- 3 |  4- 6 |  7- 9 || total
-------------------------+-------+-------+-------++-------
Melee: Mace              |   132 |   149 |    40 ||   321
 Abil: Evoke Berserk Rag |       |     1 |     2 ||     3
Evoke: Wand              |     1 |       |       ||     1
  Use: Scroll            |     2 |       |       ||     2
       Potion            |     1 |     3 |     1 ||     5
 Stab: Sleeping          |       |     1 |       ||     1
